 Dungeon Crawl Stone Soup version 0.20-a0-2-g2b0e13a (webtiles) character file.

17599 tv1990 the Cleaver (level 12, -1/94 HPs)
             Began as a Formicid Monk on Oct 26, 2016.
             Was the Champion of Okawaru.
             Slain by a minotaur
             ... wielding the +8 Wrath of Trog {antimagic, *Rage}
              (58 damage)
             ... in a labyrinth on Oct 28, 2016.
             The game lasted 00:54:13 (11409 turns).

tv1990 the Cleaver (Formicid Monk)                 Turns: 11409, Time: 00:54:14

Health: -1/94      AC: 17    Str: 16    XL:     12   Next: 84%
Magic:  1/19       EV: 15    Int: 17    God:    Okawaru [******]
Gold:   857        SH:  5    Dex: 17    Spells: 0 memorised, 11 levels left

rFire  . . .     SeeInvis +     y - +2 battleaxe (vamp)
rCold  + + .     Gourm    .     w - +5 ring mail of Pogurr {rC++ MR++ Int+2}
rNeg   . . .     Faith    .     b - +0 buckler
rPois  +         Spirit   .     (helmet unavailable)
rElec  .         Reflect  .     x - +0 cloak
rCorr  .         Harm     .     r - +0 pair of gloves
MR     ++++.                    M - +2 pair of boots "Huirou" {Int+4}
Stlth  ++........               n - amulet of regeneration
                                i - ring of poison resistance
                                t - ring of protection from magic

@: very slightly contaminated, invisible
A: permanent stasis, dig shafts and tunnels, four strong arms, antennae 3
a: Dig, Shaft Self, Heroism, Finesse, Renounce Religion


You were in a labyrinth.
You worshipped Okawaru.
Okawaru was exalted by your worship.
You were not hungry.

You visited 3 branches of the dungeon, and saw 14 of its levels.
You also visited: Labyrinth.

You collected 857 gold pieces.

Inventory:

Hand Weapons
 y - a +2 vampiric battleaxe (weapon)
 L - the +4 Vampire's Tooth {vamp}
   (You found it in a labyrinth)

   It inflicts no extra harm, but heals its wielder when it wounds a living foe.
Armour
 b - a +0 buckler (worn)
 r - a +0 pair of gloves (worn)
 u - a +2 pair of boots
 w - the +5 ring mail of Pogurr (worn) {rC++ MR++ Int+2}
   (You found it on level 8 of the Dungeon)

   It affects your intelligence (+2).
   It greatly protects you from cold.
   It affects your resistance to hostile enchantments.
 x - a +0 cloak (worn)
 M - the +2 pair of boots "Huirou" (worn) {Int+4}
   (Okawaru gifted it to you on level 3 of the Lair of Beasts)

   It affects your intelligence (+4).
Jewellery
 i - a ring of poison resistance (right hand)
 n - an amulet of regeneration (around neck)
 q - an uncursed ring of flight
 t - a ring of protection from magic (left hand)
 A - an uncursed ring of resist corrosion
 G - an uncursed ring of protection from cold
Wands
 e - a wand of heal wounds (7/9)
 o - a wand of iceblast (7/15)
 v - a wand of disintegration (17/24)
 B - a wand of random effects (41/48)
 E - a wand of lightning (8/15)
 H - a wand of digging (19/24)
 J - a wand of teleportation (4/9)
Scrolls
 d - 2 scrolls of identify
 k - 3 scrolls of remove curse
 z - a scroll of recharging
 D - a scroll of brand weapon
 F - 5 scrolls of fear
 K - a scroll of enchant weapon {unknown}
Potions
 a - 2 potions of curing
 g - 2 potions of heal wounds
 h - a potion of lignification
 j - a potion of invisibility
 l - a potion of resistance
 m - 3 potions of flight
 C - 2 potions of ambrosia
 I - a potion of cure mutation {unknown}
Comestibles
 c - 16 bread rations
 f - 9 meat rations
 s - 5 beef jerkies


   Skills:
 + Level 8.3 Fighting
 * Level 13.4 Axes
 + Level 7.7 Armour
 + Level 7.0 Dodging
 - Level 2.4 Stealth
 - Level 3.2 Shields
 - Level 10.0 Invocations


You had 11 spell levels left.
You didn't know any spells.

Dungeon Overview and Level Annotations

Branches:
Dungeon (10/15)            Temple (1/1) D:5            Lair (3/6) D:10
  Swamp (0/4) Lair:3       Spider (0/4) Lair:3
    Orc: D:9-12

Altars:
Fedhas
Kikubaaqudgha
Okawaru
Ru
Xom
Zin

Shops:
D:8 :=[


Innate Abilities, Weirdness & Mutations

You are under a permanent stasis effect.
You can dig through walls and to a lower floor.
Your four strong arms can wield two-handed weapons with a shield.
You have a pair of large antennae on your head. (SInv)


Message History

The minotaur closely misses you.
The minotaur gores you but does no damage.
You barely miss the minotaur. The minotaur misses you.
The minotaur closely misses you.
You slash the minotaur!
The minotaur is lightly wounded.
The minotaur misses you. x2
The minotaur hits you with the +8 Wrath of Trog {antimagic, *Rage}!!
You feel your power leaking away.
The minotaur gores you but does no damage.
You closely miss the minotaur.
The minotaur is lightly wounded.
The minotaur hits you with the +8 Wrath of Trog {antimagic, *Rage}!
You feel your power leaking away. The minotaur barely misses you.
Your ring mail of Pogurr prevents you from hitting the minotaur.
The minotaur is lightly wounded.
The minotaur hits you with the +8 Wrath of Trog {antimagic, *Rage}!!!
Ouch! That really hurt!
You die...

. . .# . . . .#
#. #.# #. .#. .
.. # . .. ... .#.
## # # # # ##. .
.#.#. .#.... .. #
#. #.###
..#####...# #..
#.@.#
.....#.##### .
#H#.#.# ###.#.#..
# #.#. .#..
#..... #
...#.#.#######.#.
. ..#.#...... .#
###.# .# #.#.###
## .# .# #
#.#.#.......#.###
# #.#.#.#.#
#####... . ### #
#.#. #.# ##


You could see a minotaur (berserk).

Vanquished Creatures
  Fannar (D:10)
  Harold (D:10)
  The ghost of hairmachine the Cleaver, a novice HOAK of Lugonu (D:9)
  Erica (D:8)
  Nergalle (D:10)
  2 unseen horrors
  A hill giant (D:10)
  A cyclops (D:10)
  3 spiny frogs
  A rime drake (Lair:1)
  2 komodo dragons
  A wind drake (shapeshifter) (D:9)
  A troll (D:9)
  Prince Ribbit (D:8)
  3 hippogriffs
  6 blink frogs
  A minotaur skeleton (Lab)
  Grinder (D:5)
  A hornet (D:8)
  Sigmund (D:6)
  Eustachio (D:6)
  4 redbacks (Lab)
  12 yaks
  A wyvern (Lair:1)
  A basilisk (Lair:3)
  A hungry ghost (D:8)
  Edmund (D:6)
  2 water moccasins (Lair:2)
  3 porcupines
  A sky beast (D:8)
  A phantom (D:7)
  4 ice beasts
  4 orc warriors
  2 ogres
  A centaur (D:8)
  4 crocodiles
  A big kobold (D:10)
  11 bullfrogs
  Blork the orc (D:9)
  A gnoll sergeant (D:9)
  A water moccasin skeleton (D:7)
  3 scorpions
  4 troll skeletons (Lab)
  3 spriggan skeletons (Lab)
  4 wights (D:6)
  A bullfrog zombie (D:8)
  8 crimson imps
  A centaur zombie (D:8)
  3 hounds
  6 orc priests
  Crazy Yiuf (D:5)
  2 centaur skeletons
  2 jellies
  3 iguanas
  3 orc wizards
  7 worker ants
  An ogre skeleton (Lab)
  A hound zombie (D:9)
  A howler monkey zombie (D:9)
  A worker ant zombie (D:7)
  10 gnolls
  6 adders
  2 river rats (D:10)
  2 shadow imps (D:8)
  An adder zombie (D:9)
  An ooze (D:3)
  4 worms
  2 dart slugs
  5 leopard geckos
  31 orcs
  2 ball pythons
  6 giant cockroaches
  10 goblins
  4 hobgoblins
  4 jackals
  13 kobolds
  4 quokkas
  A ball python zombie (D:5)
  17 bats
  5 frilled lizards
  A jackal skeleton (D:4)
  A leopard gecko zombie (D:8)
  A quokka zombie (D:5)
  16 rats
  3 fungi (D:10)
  2 plants (D:10)
298 creatures vanquished.

Vanquished Creatures (others)
  2 fungi
2 creatures vanquished.

Grand Total: 300 creatures vanquished

Notes
Turn   | Place    | Note
-------+----------+-------------------------------------------
     0 | D:1      | tv1990 the Formicid Monk began the quest for the Orb.
     0 | D:1      | Reached XP level 1. HP: 18/18 MP: 1/1
   162 | D:1      | Reached XP level 2. HP: 24/24 MP: 2/2
   714 | D:1      | Reached skill level 4 in Axes
   714 | D:1      | Reached XP level 3. HP: 29/29 MP: 3/3
  1344 | D:2      | Reached XP level 4. HP: 31/35 MP: 4/4
  1676 | D:3      | Reached skill level 5 in Axes
  2225 | D:4      | Reached XP level 5. HP: 25/41 MP: 5/5
  2286 | D:4      | Reached skill level 6 in Axes
  2399 | D:4      | Reached XP level 6. HP: 41/47 MP: 6/6
  2974 | D:5      | Entered Level 5 of the Dungeon
  2983 | D:5      | Reached skill level 7 in Axes
  3037 | D:5      | Reached XP level 7. HP: 50/52 MP: 7/7
  3272 | D:5      | Noticed Grinder
  3300 | D:5      | Killed Grinder
  3300 | D:5      | Reached skill level 8 in Axes
  3421 | D:5      | Reached skill level 9 in Axes
  3421 | D:5      | Reached XP level 8. HP: 13/58 MP: 8/8
  3896 | D:5      | Found a staircase to the Ecumenical Temple.
  3907 | Temple   | Entered the Ecumenical Temple
  3914 | Temple   | Became a worshipper of Warmaster Okawaru
  3914 | Temple   | Reached * piety under Okawaru
  3914 | Temple   | Reached ** piety under Okawaru
  4060 | D:5      | Found a runed door.
  4151 | D:5      | Noticed Crazy Yiuf
  4158 | D:5      | Killed Crazy Yiuf
  4205 | D:5      | Reached skill level 1 in Shields
  4410 | D:6      | Noticed Eustachio
  4417 | D:6      | Noticed Edmund
  4445 | D:6      | Reached skill level 1 in Armour
  4450 | D:6      | Killed Edmund
  4463 | D:6      | Killed Eustachio
  4463 | D:6      | Reached XP level 9. HP: 45/65 MP: 9/9
  4472 | D:6      | Noticed Sigmund
  4483 | D:6      | Killed Sigmund
  4504 | D:6      | Noticed Blork the orc
  4844 | D:6      | Reached skill level 5 in Invocations
  5025 | D:7      | Reached *** piety under Okawaru
  5093 | D:7      | Identified a scroll of acquirement
  5911 | D:8      | Got a distressingly furry ring mail
  5940 | D:8      | Identified the +5 ring mail of Pogurr {rC++ MR++ Int+2} (You found it on level 8 of the Dungeon)
  5985 | D:8      | Reached XP level 10. HP: 66/71 MP: 16/16
  6027 | D:8      | Noticed Prince Ribbit
  6041 | D:8      | Killed Prince Ribbit
  6065 | D:8      | Reached skill level 10 in Invocations
  6136 | D:8      | Reached skill level 10 in Axes
  6211 | D:8      | Found Ciam Bul's Jewellery Boutique.
  6383 | D:8      | Found Xeorgh's Book Shop.
  6649 | D:8      | Reached **** piety under Okawaru
  6660 | D:8      | Noticed Erica
  6670 | D:8      | Killed Erica
  6672 | D:8      | Found Ilighie's Armour Boutique.
  6768 | D:9      | Reached skill level 5 in Fighting
  6924 | D:9      | Reached ***** piety under Okawaru
  7077 | D:9      | Killed Blork the orc
  7234 | D:9      | Noticed an unseen horror
  7252 | D:9      | Killed an unseen horror
  7252 | D:9      | Reached skill level 11 in Axes
  7252 | D:9      | Reached XP level 11. HP: 80/80 MP: 18/18
  7286 | D:9      | Noticed hairmachine's ghost (novice HOAK)
  7302 | D:9      | Killed hairmachine's ghost
  7529 | D:10     | Entered Level 10 of the Dungeon
  7558 | D:10     | Reached skill level 5 in Armour
  7584 | D:10     | Noticed a hill giant
  7595 | D:10     | Reached skill level 5 in Dodging
  7608 | D:10     | Killed a hill giant
  7657 | D:10     | Noticed a cyclops
  7690 | D:10     | Killed a cyclops
  7862 | D:10     | Noticed an unseen horror
  7883 | D:10     | Killed an unseen horror
  7883 | D:10     | Received a gift from Okawaru
  7884 | D:10     | Got a smoking ring mail {god gift}
  7895 | D:10     | Identified the +1 ring mail of the Orcish Mines {+Inv MR- rCorr} (Okawaru gifted it to you on level 10 of the Dungeon)
  7943 | D:10     | Noticed Fannar
  8054 | D:10     | Killed Fannar
  8054 | D:10     | Reached skill level 12 in Axes
  8172 | D:10     | Noticed Harold
  8184 | D:10     | Killed Harold
  8357 | D:10     | Noticed Nergalle
  8384 | D:10     | Killed Nergalle
  8482 | D:10     | Found a staircase to the Lair.
  8630 | Lair:1   | Entered Level 1 of the Lair of Beasts
  8631 | Lair:1   | Upgraded the game from 0.19-a0-1937-g70ed36a to 0.20-a0
  8691 | Lair:1   | Reached XP level 12. HP: 44/91 MP: 13/19
  9042 | Lair:1   | Noticed a seven-headed hydra
  9046 | Lair:1   | You fall through a shaft!
  9188 | Lair:2   | Reached skill level 13 in Axes
  9227 | Lair:2   | Upgraded the game from 0.20-a0 to 0.20-a0-2-g2b0e13a
  9667 | Lair:3   | Found a hole to the Spider Nest.
  9678 | Lair:3   | Found a staircase to the Swamp.
 10001 | Lair:3   | Reached ****** piety under Okawaru
 10001 | Lair:3   | Received a gift from Okawaru
 10022 | Lair:3   | Got a pair of ancient boots {god gift}
 10048 | Lair:3   | Identified the +2 pair of boots "Huirou" {Int+4} (Okawaru gifted it to you on level 3 of the Lair of Beasts)
 10162 | Lair:3   | Found a labyrinth entrance.
 10171 | Lab      | Entered a labyrinth
 11403 | Lab      | Noticed a minotaur
 11409 | Lab      | Slain by a minotaur

Skill      XL: |  1  2  3  4  5  6  7  8  9 10 11 12 |
---------------+-------------------------------------+-----
Axes           | 4 5 6 7 9 11 12 13 | 13.4
Shields        | 3 |  3.2
Armour         | 2 4 6 7 |  7.7
Dodging        | 3 4 5 7 |  7.0
Invocations    | 9 10 | 10.0
Fighting       | 5 7 8 |  8.3
Stealth        | |  2.4

Action                   |  1- 3 |  4- 6 |  7- 9 | 10-12 || total
-------------------------+-------+-------+-------+-------++-------
Melee: Hand axe          |   167 |    85 |       |       ||   252
       War axe           |       |   123 |   408 |       ||   531
       Battleaxe         |       |       |    80 |   773 ||   853
Invok: Heroism           |       |       |     5 |     2 ||     7
       Finesse           |       |       |       |     1 ||     1
 Abil: Dig               |       |     2 |     4 |    16 ||    22
       Shaft Self        |       |       |       |     1 ||     1
Evoke: Wand              |       |       |       |     2 ||     2
  Use: Scroll            |       |       |    13 |    11 ||    24
       Potion            |       |       |     4 |     1 ||     5
 Stab: Sleeping          |     1 |       |       |     3 ||     4
  Eat: Chunk             |     2 |     5 |     6 |    15 ||    28
       Beef jerky        |       |       |     2 |     4 ||     6
       Pizza             |       |       |     1 |     1 ||     2
       Bread ration      |       |       |     1 |       ||     1
       Meat ration       |       |       |     1 |       ||     1
Armor: Robe              |     4 |       |       |       ||     4
       Plate armour      |   149 |   137 |   326 |       ||   612
       Ring mail         |       |       |     1 |   274 ||   275
Dodge: Dodged            |    43 |    49 |   114 |   487 ||   693
Block: Buckler           |       |       |    54 |   175 ||   229

Table legend:
 A = Turns spent in this place as a percentage of turns spent in the entire game.
 B = Non-inter-level travel turns spent in this place as a percentage of non-inter-level travel turns spent in the entire game.
 C = Inter-level travel turns spent in this place as a percentage of turns spent in this place.
 D = Turns resting spent in this place as a percentage of non-inter-level travel turns spent in this place.
 E = Turns spent auto-exploring this place as a percentage of non-inter-level travel turns spent in this place.
 F = Non-inter-level travel turns spent in this place divided by the number of levels of this place that you've seen.
                   A       B       C       D       E      F
               +-------+-------+-------+-------+-------+----------------------
         Total | 100.0 | 100.0 |   0.3 |   1.0 |   9.1 | 317.9
       Dungeon |  66.5 |  66.4 |   0.4 |   1.1 |  11.6 | 316.5
        Temple |   0.3 |   0.3 |   0.0 |   0.0 |   0.0 |  16.0
          Lair |  10.2 |  10.2 |   0.2 |   0.4 |  14.1 | 162.7
     Labyrinth |  23.0 |  23.0 |   0.0 |   1.0 |   0.0 | 1099.0
               +-------+-------+-------+-------+-------+----------------------

Table legend:
 A = Kills in this place as a percentage of kills in entire the game.
 B = Kills by you in this place as a percentage of kills by you in the entire game.
 C = Kills by friends in this place as a percentage of kills by friends in the entire game.
 D = Other kills in this place as a percentage of other kills in the entire game.
 E = Experience gained in this place as a percentage of experience gained in the entire game.
 F = Experience gained in this place divided by the number of levels of this place that you have seen.
                   A       B       C       D       E      F
               +-------+-------+-------+-------+-------+----------------------
         Total | 100.0 | 100.0 |  -nan |  -nan | 100.0 | 1676.1
       Dungeon |  81.9 |  81.9 |  -nan |  -nan |  60.3 | 1516.0
          Lair |  13.3 |  13.3 |  -nan |  -nan |  33.3 | 2790.7
     Labyrinth |   4.8 |   4.8 |  -nan |  -nan |   6.4 | 1610.0
               +-------+-------+-------+-------+-------+----------------------

Vault maps used:
D:1:      minmay_arrival_up_and_down
D:2:      first_bread, st_stairs_9, grunt_decor_fettered
D:3:      minmay_misc_feat_plants
D:4:      lemuel_upstairs_altar
D:5:      kennysheep_decorative_pillar, uniq_crazy_yiuf_cottage, uniq_grinder
D:6:      minmay_holes, kennysheep_generic_room_9, uniq_eustachio, uniq_sigmund,
          uniq_edmund, uniq_blork_the_orc
D:7:      grunt_ogre_cave
D:8:      serial_shops, shop, shop, shop, minmay_misc_feat_square,
          grunt_ministairs_6, uniq_erica, uniq_prince_ribbit1
D:10:     grunt_lair_entry_orc_guard_hut, wad_dig_loot, uniq_nergalle,
          uniq_harold, uniq_fannar
Temple:   nicolae_temple_the_god_donut
Lair:1:   grunt_megastairs_2, lemuel_fruit_tree
Lair:2:   guppyfry_lair_drakes, grunt_megastairs_5, serial_bayou_shore_b
Lair:3:   swamp_mist, dummy_spider_entry, lab_entry_generic
Lab:      labyrinth_mini_lab, lab_hedge, lab_statue, nicolae_lab_dead_end,
          labyrinth_skeletal_remains, nicolae_lab_hexagon, nicolae_lab_plus
